cohdb
Replays
Latest Replays
All Replays
Popular Replays
Top Player Replays
Match Explorer
How It Works
Community
CoH3 Stats
Reddit
Sign in to upload your games and track your stats! →
Sign in with Steam
Match 38382889
Unlisted
Match 38382889
Overview
Messages
Build Orders
End
Construct Infanterie Kompanie
Grenadier Squad
Grenadier Squad
Selects Breakthrough Battlegroup
Grenadier Squad
Construct Luftwaffe Kompanie
Flak 30 Anti-aircraft Gun Team
Jäger Squad
Support Elements
Jäger Squad
Wirbelwind Flakpanzer
Marder III M Tank Destroyer
Pioneer Squad
Selects Rapid Production
Selects Assault Grenadiers
Selects Blitzkrieg
Wirbelwind Flakpanzer
Luftwaffe Officer Quarters
Selects Breakthrough
Selects Incendiary Bombing Run
Incendiary Bombing Run
Jäger Squad
Flak 30 Anti-aircraft Gun Team
Marder III M Tank Destroyer
Incendiary Bombing Run
Medical Station
Pioneer Squad
Wirbelwind Flakpanzer
Incendiary Bombing Run
Incendiary Bombing Run
Selects Tiger Heavy Tank
Tiger Heavy Tank
Pioneer Squad
Breakthrough
Chad Kensington
ryuklikesapples
Bruistablet
Genius Malignus
0
0
Comments
sign in to comment!
No comments posted yet!